 Dungeon Crawl Stone Soup version 0.27-a0-1590-g15f69828bf (webtiles) character file.

Game seed: 12816325966018291874

439 MovingMist the Covered (level 7, -6/44 HPs)
             Began as a Gargoyle Fighter on July 18, 2021.
             Killed from afar by Dowan (16 damage)
             ... with a shard of ice
             ... on level 3 of the Dungeon.
             The game lasted 00:04:52 (3945 turns).

MovingMist the Covered (Gargoyle Fighter)           Turns: 3945, Time: 00:04:52

Health: -6/44      AC: 16    Str: 20    XL:     7   Next: 1%
Magic:  7/7        EV:  6    Int:  8    God:
Gold:   96         SH:  9    Dex: 11    Spells: 6/6 levels left

rFire    . . .     SeeInvis .   a - +0 flail
rCold    . . .     Faith    .   c - +0 kite shield
rNeg     + . .     Spirit   .   g - +0 chain mail
rPois    ∞         Reflect  .   h - +0 helmet
rElec    +         Harm     .   (no cloak)
rCorr    .         Rampage  .   r - +0 pair of gloves
Will     .....                  (no boots)
Stlth    ..........             (no amulet)
HPRegen  0.14/turn              (no ring)
MPRegen  0.10/turn              (no ring)

@: lit by a corona, glowing
A: sickness immunity, AC +4, negative energy resistance 1, electricity
resistance, torment resistance 1, petrification resistance
a: no special abilities


You were on level 3 of the Dungeon.
You visited 1 branch of the dungeon, and saw 4 of its levels.

You collected 162 gold pieces.
You spent 66 gold pieces at shops.

Inventory:

Hand Weapons
 a - a +0 flail (weapon)
Armour
 c - a +0 kite shield (worn)
 g - a +0 chain mail (worn)
 h - a +0 helmet (worn)
 r - a +0 pair of gloves (worn)
Jewellery
 q - a +4 ring of evasion
Wands
 k - a wand of polymorph (7)
Scrolls
 b - 2 scrolls of identify
 e - 4 scrolls of noise
 f - 2 scrolls of fog
 i - a scroll of fear {unknown}
 j - 3 scrolls of magic mapping {unknown}
 l - a scroll of holy word {unknown}
 n - 3 scrolls of teleportation {unknown}
 t - a scroll of silence {unknown}
Potions
 d - 2 potions of might
 m - 2 potions of brilliance
 o - a potion of invisibility {unknown}
 p - 2 potions of flight {unknown}


   Skills:
 + Level 4.7 Fighting
 + Level 3.6 Maces & Flails
 + Level 4.7 Armour
 * Level 3.4 Dodging
 - Level 3.2 Shields


You had 6 spell levels left.
You didn't know any spells.
Your spell library contained the following spells:

 Spells                   Type           Power      Damage    Failure   Level
 Magic Dart               Conj           0%         1d3       100%        1
 Call Imp                 Summ           0%         N/A       100%        2
 Mephitic Cloud           Conj/Pois/Air  0%         N/A       100%        3


Dungeon Overview and Level Annotations

Branches:
Dungeon (4/15)
 Temple: D:4-7

Altars:
Dithmenos
Fedhas

Shops:
D:2 ?

Annotations:
D:3 Dowan


Innate Abilities, Weirdness & Mutations

You are immune to sickness and miasma.
Your stone body is resilient. (AC +4)
You are immune to poison.
You resist negative energy. (rN+)
You are resistant to electric shocks. (rElec)
You are resistant to unholy torment.
You are immune to petrification.


Message History

You kill Duvessa!
Dowan seems overcome with grief, but rights himself reflexively soon after.
Dowan seems to find hidden reserves of power!
Dowan hits you with a +0 dagger.
* * * LOW HITPOINT WARNING * * *
Dowan gestures wildly while chanting.
Dowan blinks!
You have reached level 7!
You closely miss Dowan. Dowan hits you but does no damage. x2
You closely miss Dowan. You block Dowan's attack. x2
You hit Dowan.
Dowan is moderately wounded.
You block Dowan's attack. Dowan closely misses you. Dowan casts a spell at you.
The shard of ice hits you.
* * * LOW HITPOINT WARNING * * *
You barely miss Dowan.
Dowan is moderately wounded.
Dowan mumbles some strange words.
Dowan blinks!
Things that are here:
a +0 chain mail; a +0 whip; an orc skeleton You open the door.
Dowan casts a spell.
Dowan blinks!
Unknown command.
Dowan hits you but does no damage.
You sock Dowan!
Dowan is heavily wounded.
You block Dowan's attack. Dowan hits you but does no damage.
You closely miss Dowan.
Dowan is heavily wounded.
Dowan hits you but does no damage. x2
You hit Dowan but do no damage.
Dowan is heavily wounded.
Dowan mumbles some strange words.
Dowan blinks!
Dowan points at you and mumbles some strange words.
The shard of ice hits you!
You die...

.............#
############.#
######### #.#
........## #.#
#######..# #.#
#........###.#
...(.........########
.........#####......#
...#.........'..@.e.#
...#.####.####[.....#
....<.......)>.######
.###.#.###.#)..####
.#.......)........#
.#.#.#.####.#..##.#
...#.#.# #....[##.#
...#.#.# #.#..###.#
..##.#.# #.#..# #.#


You could see Dowan (fast).

Vanquished Creatures
  Duvessa (D:3)
  A sky beast (D:4)
  A scorpion (D:4)
  A centaur skeleton (D:4)
  Ijyb (D:3)
  5 adders
  An adder skeleton (D:4)
  4 worms (D:2)
  A dart slug (D:4)
  6 orcs
  5 bats
  3 endoplasms
  A giant cockroach (D:2)
  9 goblins
  3 hobgoblins
  10 kobolds
  2 quokkas
  8 ball pythons
  8 frilled lizards
  4 rats
75 creatures vanquished.

Notes
Turn   | Place    | Note
-------+----------+-------------------------------------------
     0 | D:1      | MovingMist the Gargoyle Fighter began the quest for the
                  | Orb.
     0 | D:1      | Reached XP level 1. HP: 14/14 MP: 1/1
   287 | D:1      | Reached XP level 2. HP: 12/19 MP: 2/2
   684 | D:1      | Reached skill level 1 in Dodging
  1136 | D:2      | Reached XP level 3. HP: 12/23 MP: 3/3
  1785 | D:2      | Reached XP level 4. HP: 29/29 MP: 4/4
  1904 | D:2      | Found Amolo's Magic Scroll Emporium.
  1912 | D:2      | Bought a scroll of identify for 22 gold pieces
  1912 | D:2      | Bought a scroll of identify for 22 gold pieces
  1912 | D:2      | Bought a scroll of identify for 22 gold pieces
  1945 | D:2      | Found a faded altar of an unknown god.
  2300 | D:3      | Noticed Ijyb
  2311 | D:3      | Killed Ijyb
  2313 | D:3      | Reached XP level 5. HP: 33/33 MP: 5/5
  3234 | D:4      | Noticed a sky beast
  3268 | D:4      | Killed a sky beast
  3269 | D:4      | Reached XP level 6. HP: 15/39 MP: 6/6
  3456 | D:4      | Found a blossoming altar of Fedhas.
  3456 | D:4      | Found a shadowy altar of Dithmenos.
  3720 | D:4      | Noticed Duvessa
  3908 | D:4      | Noticed Dowan
  3934 | D:3      | Killed Duvessa
  3935 | D:3      | Reached XP level 7. HP: 12/44 MP: 7/7
  3945 | D:3      | Killed from afar by Dowan

Illustrated notes

Levels and vault maps discovered:
D:1:      dpeg_chamrin_arrival_tetris, layout_basic
D:2:      layout_loops_ring, serial_shops, shop, basic_ecumenical_altar
D:3:      layout_basic, uniq_ijyb
D:4:      layout_cave_pools, mainiacjoe_overflow_divided_tiny, st_stairs_9,
          chequers_garden, uniq_duvessa

Skill      XL: |  1  2  3  4  5  6 |
---------------+-------------------+-----
Dodging        | 1 2 3 |  3.4
Fighting       | 4 |  4.7
Armour         | 4 |  4.7
Maces & Flails | 3 |  3.6
Shields        | |  3.2

Action                   |  1- 3 |  4- 6 |  7- 9 || total
-------------------------+-------+-------+-------++-------
Melee: Flail             |   149 |   198 |     7 ||   354
  Use: Scroll            |       |     4 |       ||     4
       Potion            |       |     1 |       ||     1
Armor: Scale mail        |    24 |       |       ||    24
       Chain mail        |    95 |   159 |     6 ||   260
Dodge: Dodged            |    51 |    43 |     1 ||    95
Block: Kite shield       |    90 |   102 |     4 ||   196

Table legend: (Time is in decaauts)
 A = Elapsed time spent in this place.
 B = Non-inter-level travel time spent in this place.
 C = Inter-level travel time spent in this place.
 D = Time resting spent in this place.
 E = Time spent auto-exploring this place.
 F = Levels seen in this place.
 G = Mean time per level.
                   A        B        C        D        E       F      G
               +--------+--------+--------+--------+--------+-----+--------+
         Total |   4127 |   4064 |     63 |    929 |   2251 |   4 | 1031.8 |
       Dungeon |   4127 |   4064 |     63 |    929 |   2251 |   4 | 1031.8 |
               +--------+--------+--------+--------+--------+-----+--------+

Top non-repeatable levels by time:
     D:1: 1145 daAuts
     D:2: 1130 daAuts
     D:3: 976 daAuts
     D:4: 875 daAuts
